 Dungeon Crawl Stone Soup version 0.18-a0-1292-ge8ad84c (webtiles) character file.

49 Duffy the Insei (level 3, 0/23 HPs)
             Began as a Tengu Monk on Feb 9, 2016.
             Succumbed to an adder's poison
             ... on level 2 of the Dungeon.
             The game lasted 00:00:59 (1182 turns).

Duffy the Insei (Tengu Monk)                        Turns: 1182, Time: 00:00:59

Health: 0/23       AC:  3    Str:  9 (11) XL:     3   Next: 77%
Magic:  4/4        EV: 13    Int: 13 (15) God:
Gold:   31         SH:  0    Dex: 15 (17) Spells: 0 memorised, 2 levels left

rFire  . . .     SeeInvis .       - Unarmed
rCold  . . .     Gourm    .     i - +0 leather armour
rNeg   . . .     Faith    .     (no shield)
rPois  .         Spirit   .     (helmet restricted)
rElec  .         Dismiss  .     (no cloak)
rCorr  +         Reflect  .     (no gloves)
SustAt .         Harm     .     (boots unavailable)
MR     .....                    (no amulet)
Stlth  ++........               (no ring)
                                e - ring of resist corrosion

@: brilliant, lethally poisoned (0 -> -6), very slightly contaminated,
invisible, not resistant to hostile enchantments, unstealthy
A: beak, talons 3
a: no special abilities


You were on level 2 of the Dungeon.
You were not hungry.

You visited 1 branch of the dungeon, and saw 2 of its levels.

You collected 31 gold pieces.


Innate Abilities, Weirdness & Mutations

You have a beak for a mouth.
You have claws for feet.


   Skills:
 - Level 3.0 Fighting
 - Level 3.2 Dodging
 - Level 2.0 Stealth
 + Level 5.8 Unarmed Combat


You had 2 spell levels left.
You didn't know any spells.

Inventory:

Missiles
 h - a throwing net (quivered)
Armour
 a - a +0 robe
 i - a +0 leather armour (worn)
Jewellery
 e - a ring of resist corrosion (left hand)
Scrolls
 c - 2 scrolls of enchant weapon {unknown}
 f - 2 scrolls of remove curse {unknown}
Potions
 d - a potion of invisibility
Comestibles
 b - 2 bread rations
 j - a chunk of flesh

Dungeon Overview and Level Annotations

Branches:
Dungeon (2/15)

Altars:


Message History

You are too injured to fight recklessly!
You are too injured to fight recklessly!
You are too injured to fight recklessly!
You are too injured to fight recklessly!
You are too injured to fight recklessly!
You are too injured to fight recklessly!
You are too injured to fight recklessly!
You are too injured to fight recklessly!
You are too injured to fight recklessly!
You are too injured to fight recklessly!
You are too injured to fight recklessly!
You are too injured to fight recklessly!
You barely miss the adder.
The adder is almost dead.
The adder closely misses you.
You closely miss the adder. You claw the adder, but do no damage.
The adder is almost dead.
You feel sick. The adder bites you.
You are more poisoned.
The adder poisons you! The adder closely misses you.
You barely miss the adder. You claw the adder.
You kill the adder!
Drink which item? (? for menu, Esc to quit)
It was a potion of invisibility.
You fade into invisibility!
You feel sick.
You are very lightly contaminated with residual magic.
Drink which item? (? for menu, Esc to quit)
It was a potion of brilliance.
You feel clever all of a sudden.
Drink which item? (? for menu, Esc to quit)
It was a potion of degeneration.
There was something very wrong with that liquid.
You feel weakened.
You feel dopey.
You feel clumsy.
You die...

#...#.##.##..
#...#.##.#..#
+...........
#.......... #........#
.. #...#....####.....
#..#....#.........
#........%###.....
#.......#.@%......
#####.#...#.#.#.......
##....^..........#..>..
#.........#...#### ....
##...##[.##...# ..#
#....##.#.....# .#
##...###.....#... #
.....# ..#.##....
<...#.......


There were no monsters in sight!

Action                   || total
-------------------------++-------
Melee: Unarmed           ||    79
  Use: Potion            ||     3
 Stab: Sleeping          ||     6
  Eat: Chunk             ||     1

Notes
Turn   | Place    | Note
--------------------------------------------------------------
     0 | D:1      | Duffy the Tengu Monk began the quest for the Orb.
     0 | D:1      | Reached XP level 1. HP: 14/14 MP: 2/2
   179 | D:1      | Reached XP level 2. HP: 12/19 MP: 3/3
   423 | D:1      | Reached skill level 5 in Unarmed Combat
  1091 | D:2      | Reached XP level 3. HP: 19/23 MP: 4/4
  1182 | D:2      | Succumbed to an adder's poison

Vault maps used:
D:1:      onia_arrival_pentagram, corner_web_ring
D:2:      first_bread, kennysheep_generic_room_2

Vanquished Creatures
  2 adders
  A worm
  2 giant geckos
  3 bats
  A giant cockroach
  3 hobgoblins
  2 jackals
  7 kobolds
  A giant newt
  4 rats
26 creatures vanquished.
